 Dungeon Crawl Stone Soup version 0.30.1-11-g7821555f0a (webtiles) character file.

Game seed: 5164954658681851154

82171 caec the Martial Artist (level 15, -7/103 HPs)
             Began as a Grey Draconian Transmuter on Dec 18, 2023.
             Was a High Priest of Hepliaklqana.
             Mangled by a bunyip (13 damage)
             ... on level 1 of the Swamp on Dec 19, 2023.
             The game lasted 03:12:03 (32189 turns).

caec the Martial Artist (DrTm)                     Turns: 32189, Time: 03:12:05

Health: -7/103     AC: 22    Str: 17 (18) XL:     15   Next: 28%
Magic:  28/28      EV: 17    Int: 20      God:    Hepliaklqana [*****.]
Gold:   1693       SH:  0    Dex: 16      Spells: 8/33 levels left

rFire   + .          .
                       - Unarmed
rCold   x . .        (no shield)
rNeg    . . .        (body armour unavailable)
rPois   .            W - +0 hat
rElec   .            u - +1 cloak
rCorr   .            m - +2 pair of gloves
SInv    .            C - +2 pair of boots {Fly}
Will    ++...        b - amulet of magic regeneration
Stlth   +++          U - ring of fire
HPRegen 0.37/turn    r - ring of Amorality {Will+ Str+6 Int+3}
MPRegen 0.61/turn

%: clarity
@: flying, studying Dodging
A: reduced essence, AC +14, amphibious, unfitting armour, cold-blooded, antennae
1, stinger 1, clarity, deterioration 1, passive freeze, MP-powered wands
a: Renounce Religion, Recall Ancestor, Ancestor Identity, Transference, Idealise


You were on level 1 of the Swamp.
You worshipped Hepliaklqana.
Hepliaklqana was extremely pleased with you.
You visited 5 branches of the dungeon, and saw 21 of its levels.
You visited the Abyss 1 time.
You also visited: Sewer, Bailey and Volcano.

You collected 3053 gold pieces.
You spent 1360 gold pieces at shops.

Inventory:

Missiles
 g - 68 poisoned darts
 j - 5 curare-tipped darts (quivered)
 H - 4 atropa-tipped darts
 J - 2 datura-tipped darts
Armour
 m - a +2 pair of gloves (worn)
 u - a +1 cloak (worn)
 C - a +2 pair of boots of flying (worn)
 W - a +0 hat (worn)
Jewellery
 b - an amulet of magic regeneration (around neck)
 o - an amulet of guardian spirit
 r - the ring of Amorality (right hand) {Will+ Str+6 Int+3}
   (You found it on level 5 of the Dungeon)

   [ring of strength]

   Str:       It affects your strength (+6).
   Int:       It affects your intelligence (+3).
   Will:      It increases your willpower.
 y - a +6 ring of strength
 D - a ring of poison resistance
 Q - a +6 ring of intelligence
 S - a ring of willpower
 T - an amulet of magic regeneration
 U - a ring of fire (left hand)
Wands
 e - a wand of flame (11)
 s - a wand of polymorph (5)
 A - a wand of digging (7)
 L - a wand of paralysis (20)
 N - a wand of quicksilver (3)
Scrolls
 c - 4 scrolls of teleportation
 f - 6 scrolls of magic mapping
 k - 7 scrolls of identify
 n - 4 scrolls of amnesia
 p - 3 scrolls of fog
 q - 2 scrolls of poison
 t - 5 scrolls of fear
 x - 2 scrolls of enchant weapon
 B - 4 scrolls of vulnerability
 I - 2 scrolls of immolation
 V - 3 scrolls of enchant armour
 Y - a scroll of brand weapon
Potions
 a - 2 potions of lignification
 d - 4 potions of might
 h - a potion of haste
 i - 7 potions of curing
 l - 3 potions of cancellation
 v - 8 potions of brilliance
 w - 4 potions of attraction
 z - 2 potions of magic
 F - 5 potions of mutation
 K - a potion of berserk rage
 M - a potion of ambrosia
 P - 3 potions of flight


   Skills:
 + Level 5.9 Fighting
 - Level 0.6 Ranged Weapons
 - Level 5.9 Throwing
 + Level 9.3 Dodging
 + Level 5.3 Stealth
 + Level 14.9 Unarmed Combat
 + Level 9.9 Spellcasting
 + Level 0.9 Conjurations
 + Level 9.2 Transmutations
 - Level 2.7 Ice Magic
 * Level 10.1 Earth Magic
 - Level 4.0 Poison Magic
 + Level 9.7 Invocations
 + Level 3.0 Evocations


You had 8 spell levels left.
You knew the following spells:

 Your Spells              Type           Power      Damage    Failure   Level
a - Beastly Appendage     Tmut           94%        N/A       1%          1
b - Wereblood             Tmut           47%        N/A       1%          2
c - Spider Form           Tmut/Pois      36%        N/A       1%          3
d - Ice Form              Ice/Tmut       34%        N/A       6%          4
e - Frozen Ramparts       Ice            40%        1d7       7%          3
f - Hailstorm             Conj/Ice       17%        3d6       10%         3
g - Statue Form           Tmut/Erth      32%        N/A       21%         6
h - Ozocubu's Armour      Ice            20%        N/A       7%          3

Your spell library contained the following spells:

 Spells                   Type           Power      Damage    Failure   Level
 Sting                    Tmut/Pois      100%       1d8       1%          1
 Freeze                   Ice            80%        1d9       2%          1
 Cigotuvi's Dreadful Rot  Necr/Pois/Air  30%        N/A       6%          2
 Apportation              Tloc           18%        N/A       7%          1
 Necrotise                Necr           36%        1d5       7%          1
 Summon Small Mammal      Summ           36%        N/A       7%          1
 Momentum Strike          Conj/Tloc      22%        3d8       9%          2
 Blink                    Tloc           18%        N/A       11%         2
 Lesser Beckoning         Tloc           18%        N/A       11%         2
 Scorch                   Fire           28%        2d6       11%         2
 Olgreb's Toxic Radiance  Pois           26%        N/A       13%         4
 Flame Wave               Conj/Fire      17%        2d7       50%         4
 Eringya's Noxious Bog    Tmut/Pois      18%        N/A       56%         6
 Iron Shot                Conj/Erth      16%        9d4       73%         6
 Iskenderun's Battlesphe  Conj           13%        2d7       78%         5
 Summon Cactus Giant      Summ           4%         N/A       100%        6
 Spellforged Servitor     Conj/Summ      5%         N/A       100%        7
 Polar Vortex             Ice            10%        N/A       100%        9


Dungeon Overview and Level Annotations

Branches:
Dungeon (12/15)            Temple (1/1) D:6            Lair (5/5) D:10
  Swamp (1/4) Lair:2        Snake (0/4) Lair:3        Slime (0/5) Lair:5
    Orc (2/2) D:10            Elf (0/3) Orc:2         Sewer (visited)
 Bailey (visited)         Volcano (visited)

Altars:
Ashenzari
Dithmenos
Gozag
Hepliaklqana
Qazlal
Trog
Uskayaw
Xom
The Shining One
Jiyva

Shops:
D:1 =   D:5 :[   D:11 :   D:12 *   Orc:2 ?:*=

Annotations:
D:4 2 transporters, Fractals's ghost, amateur SpDe
Lair:1 exclusion: oklob plant


Innate Abilities, Weirdness & Mutations

Your life essence is reduced to manifest your ancestor. (-10% HP)
Your dull iron-grey scales are very hard. (AC +14)
You are amphibious.
You cannot fit into any form of body armour.
You are cold-blooded and may be slowed by cold attacks.
You have a pair of small antennae on your head.
Your tail ends in a venomous barb.
You possess an exceptional clarity of mind.
Your body sometimes deteriorates upon taking damage.
A frigid envelope surrounds you and freezes all who hurt you.
You expend magic power (3 MP) to strengthen your wands.


Message History

Okay, then.
(D) Dungeon (T) Temple (L) Lair (S) Swamp (P) Snake Pit (M) Slime Pits (O) Orcish Mines (E) Elven Halls
Where to? (Enter - Lair:1 @ (x,y), ? - help)
What level of the Swamp? (default 1, ? - help)
There is a stone staircase leading down here.
You fly downwards.
There is a stone staircase leading up, spattered with blood here.
There is a staircase to the Swamp here.
You fly downwards.
Welcome to the Swamp!
This branch is noisy: sounds don't travel as far here.
This branch contains the decaying rune of Zot.
Found 22 gold pieces and a chain mail.
Found an escape hatch in the floor.
There is a staircase back to the Lair here.
There are monsters nearby!
Unknown command.
The alligator barely misses Herm. x2
Herm hits the alligator with a +0 broad axe of flaming!
Herm burns the alligator.
Unknown command.
The alligator closely misses Herm.
The alligator tail-slaps Herm but does no damage.
The bunyip gives a hideous shriek!
Herm hits the alligator with a +0 broad axe of flaming!
Herm burns the alligator.
The alligator bites Herm!
The alligator closely misses Herm.
The alligator bites Herm.
Herm blocks the alligator's attack.
The bog body points at you and mumbles some strange words.
The bolt of cold hits you!!!
You feel a terrible chill!
Herm hits the alligator with a +0 broad axe of flaming!!
Herm burns the alligator.
The alligator bites Herm but does no damage.
The alligator tail-slaps Herm!
The bog body gestures at you while chanting.
The bolt of cold hits you!!!
You feel a terrible chill!
Ouch! That really hurt!
* * * LOW HITPOINT WARNING * * *
The alligator puts on a burst of speed!
The bunyip barely misses you. The bunyip claws you!
You die...

.~~..~~~~. ♣♣
~~.~~~..♣♣
.♣~~~~~~..~..♣♣
.~.[.~~§♣.~.♣.♣
.~~~.♣~~...~.♣
.♣~.~..~.~~~>♣♣
.~..~~~~°§§..$♣
.§.~~tR@x~n.~.♣
...~..°.~~~~~~.
~~~..♣~~.~.~~..
~~~n ~~§~♣D♣~.♣
.~. .....~~....
.. ..~.~~~~.~.$
. ♣♣.~.♣~.. ~..
♣... ~..♣~~.


You could see the friendly Herm the knight, a bunyip, an alligator (swift, ally
target), a swamp dragon and 2 bog bodies.

Vanquished Creatures
  Gastronok (D:10)
  A fire dragon (Lair:5)
  Fannar (Lair:2)
  3 hydras
  A catoblepas (D:12)
  A two-headed ogre (D:12)
  2 boulder beetles (D:12)
  6 orc high priests (Orc:2)
  6 death yaks
  A tengu warrior (D:11)
  Urug (Orc:1)
  Nergalle (D:12)
  Sonja (Lair:3)
  3 skeletal warriors (D:11)
  An oklob plant (Lair:5)
  A lindwurm (Lair:5)
  A deep elf zephyrmancer (D:12)
  An orc knight (Orc:1)
  4 deep elf pyromancers
  2 manticores (D:12)
  20 elephants
  4 black mambas
  A torpor snail (Lair:4)
  Psyche (D:8)
  10 cane toads
  2 rime drakes
  An ice devil (D:12)
  7 komodo dragons
  2 tengu conjurers (D:12)
  2 kobold demonologists (D:11)
  3 trolls
  A polar bear (Lair:3)
  7 blink frogs
  2 shadows
  Eustachio (D:6)
  2 wraiths (D:10)
  A vampire (D:12)
  2 hogs (Lair:3)
  4 fire elementals (Volcano)
  4 wyverns
  64 yaks
  7 basilisks
  3 steam dragons
  5 wargs
  4 vampire mosquitoes
  2 acid dragons
  17 water moccasins
  3 hell hounds
  14 orc warriors
  A swamp drake (D:6)
  A sky beast (D:7)
  4 black bears
  8 wolves
  2 ogres
  2 centaurs (D:7)
  14 kobold brigands
  10 bullfrogs
  5 scorpions
  3 wights (D:8)
  3 killer bees (D:8)
  2 howler monkeys (D:7)
  4 electric eels
  3 lava snakes (Lair:5)
  24 orc priests
  6 hounds
  2 jellies
  4 gnoll boudas
  3 iguanas
  2 hell rats (Lair:2)
  24 orc wizards
  Terence (D:2)
  15 gnolls
  11 adders
  A river rat (Sewer)
  A white imp (D:7)
  An ufetubus (D:4)
  2 worms
  3 dart slugs
  73 orcs
  3 ball pythons
  5 endoplasms
  4 giant cockroaches
  10 goblins
  7 hobgoblins
  2 jackals (D:4)
  26 kobolds
  4 quokkas
  4 bats
  2 frilled lizards
  6 rats
543 creatures vanquished.

Vanquished Creatures (collateral kills)
  Kirke (Lair:4)
  A two-headed ogre (D:11)
  3 death yaks
  An orc high priest (Orc:2)
  A skeletal warrior (D:11)
  A deep elf archer (Volcano)
  A cyclops (D:11)
  2 deep elf pyromancers
  4 elephants
  Maurice (Orc:1)
  2 black mambas
  A gargoyle (D:12)
  2 molten gargoyles (Lair:5)
  4 cane toads
  A torpor snail (Lair:5)
  A rime drake (Lair:5)
  2 komodo dragons (Lair:5)
  Maggie (Lair:1)
  A tengu conjurer (D:12)
  A polar bear (Lair:4)
  7 blink frogs
  A shadow (D:11)
  A wyvern (Lair:3)
  A wraith (D:8)
  A water elemental (D:12)
  18 yaks
  A steam dragon (Lair:3)
  6 basilisks
  2 fire elementals (Volcano)
  6 wargs
  5 water moccasins
  2 hell hounds (Lair:5)
  3 orc warriors
  A wolf (Lair:4)
  A centaur (D:9)
  2 ogres (Orc:1)
  4 bullfrogs
  2 killer bees (D:8)
  An electric eel (D:12)
  2 lava snakes (Lair:5)
  A hound (D:6)
  16 orc priests
  2 hell rats (Lair:2)
  4 orc wizards
  7 gnolls
  A white imp (D:8)
  24 orcs
  6 kobolds
  2 butterflies (Lair:1)
162 creatures vanquished.

Vanquished Creatures (others)
  4 humans (Lair:4)
  A yak (D:8)
  20 knights
  5 ancestors
  An orc (Orc:1)
31 creatures vanquished.

Grand Total: 736 creatures vanquished

Notes
Turn   | Place    | Note
-------+----------+-------------------------------------------
     0 | D:1      | caec the Draconian Transmuter began the quest for the Orb.
     0 | D:1      | Reached XP level 1. HP: 16/16 MP: 3/3
    44 | D:1      | Found Ysoass's Jewellery Emporium.
   284 | D:1      | Reached XP level 2. HP: 23/23 MP: 3/5
   287 | D:1      | Learned a level 2 spell: Wereblood
   982 | D:2      | Reached XP level 3. HP: 27/28 MP: 4/6
  1024 | D:2      | Identified the +1 hand axe "Giantbane" {holy, rF+ MP+9
                  | Str+2 Int-5}
  1191 | D:2      | Noticed Terence
  1204 | D:2      | Killed Terence
  1615 | D:3      | Learned a level 3 spell: Spider Form
  1697 | D:3      | Found a glowing golden altar of the Shining One.
  1740 | D:3      | Reached XP level 4. HP: 35/35 MP: 5/7
  1761 | D:3      | Found a faded altar of an unknown god.
  1766 | D:3      | Noticed an ogre
  1775 | D:3      | Killed an ogre
  1776 | D:3      | Reached skill level 1 in Throwing
  1776 | D:3      | Reached XP level 5. HP: 40/40 MP: 5/9
  2252 | D:3      | You fall into a shaft and drop 1 floor!
  2479 | D:4      | Noticed Fractals's ghost (amateur SpDe)
  2479 | D:4      | Noticed an ogre
  2479 | D:4      | Found a transporter.
  2480 | D:4      | Identified the +3 great mace "Jaitebof" {flame, *Rage rElec
                  | Int-3 Dex+8}
  2480 | D:4      | Noticed an ogre
  2560 | D:3      | Reached skill level 4 in Unarmed Combat
  2753 | D:4      | Reached XP level 6. HP: 47/47 MP: 8/11
  2998 | D:4      | Reached skill level 1 in Stealth
  3147 | D:4      | Your scales start taking on a dull iron-grey colour.
  3147 | D:4      | Reached XP level 7. HP: 48/53 MP: 8/13
  3504 | D:4      | Found a transporter.
  3506 | D:4      | Identified the +9 sling of Epsemur {flame, rPois MP+9}
  4059 | D:5      | Entered Level 5 of the Dungeon
  4126 | D:5      | Identified the ring of Amorality {Will+ Str+6 Int+3}
  4400 | D:5      | Reached skill level 5 in Unarmed Combat
  4576 | D:5      | Found Tolifuhox's Tiny Tomes.
  5351 | D:5      | Found Poybep's Antique Armour Emporium.
  5840 | D:6      | Found a hide-covered altar of Uskayaw.
  5866 | D:6      | Found a hazy altar of Hepliaklqana.
  5873 | D:6      | Became a worshipper of Hepliaklqana the Forgotten
  5885 | D:6      | Reached XP level 8. HP: 58/61 MP: 10/15
  5939 | D:6      | Found a large runed translucent door.
  5939 | D:6      | Found a large runed translucent door.
  6186 | D:6      | Reached skill level 1 in Poison Magic
  6253 | D:6      | Found a glowing drain.
  6257 | Sewer    | Entered a sewer
  6371 | Sewer    | Reached skill level 5 in Spellcasting
  6508 | Sewer    | Reached * piety under Hepliaklqana
  6783 | Sewer    | Reached skill level 6 in Unarmed Combat
  7011 | D:6      | Found a shimmering altar of Xom.
  7023 | D:6      | Found a stormy altar of Qazlal.
  7031 | D:6      | Reached skill level 5 in Transmutations
  7063 | D:6      | Found an opulent altar of Gozag.
  7081 | D:6      | Found a staircase to the Ecumenical Temple.
  7119 | D:6      | Found a shadowy altar of Dithmenos.
  7391 | D:6      | Reached XP level 9. HP: 59/63 MP: 11/17
  7477 | D:6      | Noticed Eustachio
  7493 | D:6      | Killed Eustachio
  8041 | D:7      | Found a flagged portal.
  8055 | Bailey   | Entered a bailey
  8185 | Bailey   | Reached skill level 7 in Unarmed Combat
  8191 | Bailey   | Identified the +6 quarterstaff "Lacib" {drain, rC+ rN++
                  | Will+}
  8444 | Bailey   | Found an iron altar of Okawaru.
  8591 | D:7      | Learned a level 4 spell: Ice Form
  8865 | D:7      | Reached ** piety under Hepliaklqana
  8866 | D:7      | Remembered your ancestor Herm as a knight
  8966 | D:7      | Found a bloodstained altar of Trog.
  9156 | D:7      | Found a broken altar of Ashenzari.
  9440 | D:8      | Reached XP level 10. HP: 69/70 MP: 19/19
  9459 | D:8      | Reached skill level 8 in Unarmed Combat
  9839 | D:8      | Reached skill level 5 in Dodging
  9994 | D:8      | Gained mutation: Your tail ends in a venomous barb. [potion
                  | of mutation]
  9994 | D:8      | Gained mutation: Your body sometimes deteriorates upon
                  | taking damage. [potion of mutation]
  9994 | D:8      | Gained mutation: You expend magic power (3 MP) to
                  | strengthen your wands. [potion of mutation]
  9994 | D:8      | Gained mutation: You have hidden genetic potential. [potion
                  | of mutation]
  9995 | D:8      | Noticed Psyche
 10016 | D:8      | Killed Psyche
 10499 | D:9      | Reached *** piety under Hepliaklqana
 11229 | D:10     | Entered Level 10 of the Dungeon
 11404 | D:10     | Reached skill level 9 in Unarmed Combat
 11443 | D:10     | Found a staircase to the Lair.
 11565 | D:10     | Reached XP level 11. HP: 62/75 MP: 12/21
 11803 | D:10     | Noticed Gastronok
 12249 | D:10     | Found a staircase to the Orcish Mines.
 12270 | Orc:1    | Entered Level 1 of the Orcish Mines
 12270 | Orc:1    | Reached **** piety under Hepliaklqana
 12471 | Orc:1    | Reached skill level 1 in Ice Magic
 12660 | Orc:1    | Reached skill level 10 in Unarmed Combat
 12675 | Orc:1    | Noticed an orc knight
 12683 | Orc:1    | Noticed Urug
 12697 | Orc:1    | Killed an orc knight
 12836 | D:10     | Reached skill level 1 in Invocations
 13041 | Temple   | Entered the Ecumenical Temple
 13222 | Lair:1   | Entered Level 1 of the Lair of Beasts
 13721 | Lair:1   | Noticed Maggie
 13737 | Lair:1   | Killed Maggie
 14107 | Lair:1   | Reached skill level 5 in Throwing
 14291 | Lair:1   | Noticed an oklob plant
 14999 | Lair:2   | Noticed Fannar
 15032 | Lair:2   | Noticed a death yak
 15033 | Lair:2   | Noticed a death yak
 15033 | Lair:2   | Noticed a death yak
 15247 | D:10     | Killed Gastronok
 15747 | Orc:1    | Killed Urug
 15748 | Orc:1    | Reached skill level 1 in Evocations
 15910 | Orc:1    | Noticed Maurice
 15926 | Orc:1    | Killed Maurice
 15927 | Orc:1    | Reached XP level 12. HP: 81/82 MP: 18/23
 16185 | Orc:2    | Entered Level 2 of the Orcish Mines
 16232 | Orc:2    | Reached skill level 11 in Unarmed Combat
 16667 | Orc:2    | Gained mutation: You have a pair of small antennae on your
                  | head. [hidden potential]
 16913 | Orc:2    | Noticed an orc high priest
 16922 | Orc:2    | Killed an orc high priest
 16975 | Orc:2    | Noticed an orc high priest
 16982 | Orc:2    | Killed an orc high priest
 17245 | Orc:2    | Found a staircase to the Elven Halls.
 17395 | Orc:2    | Noticed an orc high priest
 17753 | Orc:2    | Killed an orc high priest
 17942 | Orc:2    | Found Suky's Magic Scroll Emporium.
 17942 | Orc:2    | Found Zakecliv's Book Shop.
 17951 | Orc:2    | Noticed an orc high priest
 17981 | Orc:2    | HP: 3/83 [sixfirhy[an orc high priest] (8)]
 18231 | Orc:2    | Killed an orc high priest
 18232 | Orc:2    | Reached skill level 5 in Invocations
 18464 | Orc:2    | Found Meec's Jewellery Shop.
 18464 | Orc:2    | Noticed an orc high priest
 18573 | Orc:2    | Noticed an orc high priest
 18581 | Orc:2    | Killed an orc high priest
 18581 | Orc:2    | Noticed an orc high priest
 18830 | Orc:2    | Killed an orc high priest
 18841 | Orc:2    | Found Haopyzox's Assorted Antiques.
 18860 | Orc:2    | Killed an orc high priest
 18901 | Orc:2    | Bought a scroll of identify for 72 gold pieces
 19276 | D:5      | Bought the Elucidation of Reformation for 196 gold pieces
 19523 | D:11     | Noticed a two-headed ogre
 19524 | D:11     | Found Kaint's Tremendous Tomes.
 19529 | D:11     | Killed a two-headed ogre
 19530 | D:11     | Reached skill level 1 in Earth Magic
 20123 | D:11     | Reached skill level 12 in Unarmed Combat
 20506 | D:11     | Noticed a tengu warrior
 20525 | D:11     | Killed a tengu warrior
 20531 | D:11     | Reached XP level 13. HP: 60/89 MP: 9/25
 20750 | D:11     | Reached skill level 5 in Fighting
 20757 | D:11     | Gained mutation: You have great hidden genetic potential.
                  | [hidden potential]
 20757 | D:11     | Lost mutation: You have great hidden genetic potential.
                  | [hidden potential expressed]
 21088 | D:11     | Identified the +0 falchion of Excruciating Pain {drain, rN+
                  | Will- Dex+2}
 21798 | D:12     | Found Ruduore's Assorted Antiques.
 22238 | D:12     | Noticed Nergalle
 22252 | D:12     | Killed Nergalle
 22253 | D:12     | Reached skill level 5 in Earth Magic
 22649 | D:12     | Reached ***** piety under Hepliaklqana
 23488 | Lair:1   | Reached skill level 13 in Unarmed Combat
 23647 | Lair:1   | Learned a level 3 spell: Frozen Ramparts
 23651 | Lair:1   | Learned a level 3 spell: Hailstorm
 24255 | Lair:2   | Killed Fannar
 24387 | Lair:2   | Found a staircase to the Swamp.
 24962 | Lair:3   | Found the +8 demon blade "Leech" {evervamp, Harm Drain rN+}
 25200 | Lair:3   | Found a staircase to the Snake Pit.
 25225 | Lair:3   | Reached XP level 14. HP: 81/96 MP: 17/26
 25393 | Lair:3   | Found a dark tunnel.
 25402 | Volcano  | Entered a volcano
 25835 | Volcano  | Gained mutation: You possess an exceptional clarity of
                  | mind. [hidden potential]
 26402 | Lair:3   | Learned a level 6 spell: Statue Form
 26485 | Lair:3   | Noticed Sonja
 26497 | Abyss:1  | Cast into level 1 of the Abyss (Sonja)
 26547 | Lair:3   | Escaped the Abyss
 26552 | Lair:3   | Killed Sonja
 27270 | Lair:4   | Noticed Kirke
 27543 | Lair:4   | Killed Kirke
 27544 | Lair:4   | Reached skill level 14 in Unarmed Combat
 27694 | Lair:4   | Reached skill level 5 in Stealth
 28381 | D:11     | Bought the Compilation of Impure Graupel for 1092 gold
                  | pieces
 28385 | D:11     | Learned a level 3 spell: Ozocubu's Armour
 28675 | Lair:5   | Entered Level 5 of the Lair of Beasts
 30100 | Lair:5   | Reached XP level 15. HP: 87/103 MP: 26/28
 30675 | Lair:5   | Gained mutation: A frigid envelope surrounds you and
                  | freezes all who hurt you. [hidden potential]
 30675 | Lair:5   | Lost mutation: You have hidden genetic potential. [hidden
                  | potential expressed]
 31074 | Lair:5   | Found a staircase to the Slime Pits.
 31074 | Lair:5   | Found a viscous altar of Jiyva.
 31334 | Lair:5   | Reached skill level 10 in Earth Magic
 31442 | Lair:5   | Found a large runed translucent door.
 31444 | Lair:5   | Found a large runed translucent door.
 31644 | Lair:5   | Identified a scroll of acquirement
 31654 | Lair:5   | Acquired 915 gold pieces
 32183 | Swamp:1  | Entered Level 1 of the Swamp
 32189 | Swamp:1  | Mangled by a bunyip

Illustrated notes

Levels and vault maps discovered:
D:1:      wheals_arrival_linesprint, layout_loops_ring, serial_shops, shop,
          minmay_misc_feat_columns
D:2:      layout_basic, minmay_box_of_dots, uniq_terence
D:3:      layout_loops_ring, lemuel_coloured_pillars_altar,
          hellmonk_ecumenical_altar_arch_garden, nrook_loot_triangle
D:4:      minmay_door_path, layout_cave_pools, gammafunk_ghost_smash,
          dk_noncrumbling_3
D:5:      layout_basic, nicolae_inconvenience_store,
          nicolae_shop_i_like_small_books_too, corexii_checkpoint_a, minivault_1
D:6:      layout_layer_cave, grunt_dithmenos_smoke, mainiacjoe_overflow_catwalk,
          nicolae_gozag_seed_capital, old_standard_altar, jmf_multi_god_temple2,
          minmay_temple_entry_junction_2, serial_co_window_serial,
          co_window_paths_a, co_window_of_opportunity_a, co_window_corner_a,
          co_window_of_opportunity_a, co_window_paths_b, co_window_corner_a,
          co_window_corner_b, co_window_broadway_b, co_window_2corner,
          co_window_broadway_a, co_window_corner_b, glass_columns_a,
          glass_columns_a, glass_columns_a, gup_sewer_entry_spiral,
          uniq_eustachio
D:7:      layout_loops_ring, marbit_many_paths, trog_three_pillars_becter,
          enter_bailey_3
D:8:      layout_gridville, nicolae_two_hexagons, uniq_psyche
D:9:      layout_gridville, grunt_decor_arrowhead
D:10:     layout_loops_ring, erik_lair_orcish_takeover, hiddenorc1_lemuel,
          uniq_gastronok
D:11:     layout_loops_cross, nicolae_shop_i_like_big_books, kb_rosetta
D:12:     layout_basic, serial_shops, shop_fountains, serial_corexii_hall,
          corexii_hall_statues_x, corexii_hall_statues_i,
          corexii_hall_statues_s, dilly_guarded_unrand_elemental_staff,
          uniq_nergalle
Temple:   oiseaux_autumnal_temple
Lair:1:   minmay_lair_oklob_chamber, layout_cellular_growth,
          lemuel_fruit_fields, serial_bayou_shore_b, uniq_maggie
Lair:2:   layout_layer_cave, minmay_swamp_entry_eels, serial_bayou_pond_d,
          uniq_fannar
Lair:3:   layout_cave_pods, minmay_snake_entry_six_corridors,
          lightli_volcano_entry_magma_tube, serial_bayou_lagoon_a,
          kennysheep_basilisk_garden, uniq_sonja
Lair:4:   beast_lair_carwin_large_2, layout_misc_corridors, uniq_kirke
Lair:5:   cheibrodos_lair_end_hotspot, layout_gridlike, slime_entry_1,
          nicolae_lair_lil_pond, minivault_19, nicolae_lair_grove_arrangements,
          gammafunk_lair_bear_cave
Swamp:1:  layout_falls_marsh, evilmike_swamp_ruin_house_3
Orc:1:    layout_caves, nicolae_orc_sculptors_studio, uniq_maurice, uniq_urug
Orc:2:    st_orc_town, layout_caves

Skill      XL: |  1  2  3  4  5  6  7  8  9 10 11 12 13 14 15 |
---------------+----------------------------------------------+-----
Dodging        | 2 3 4 6 7 8 9 |  9.3
Throwing       | 1 2 4 5 |  5.9
Spellcasting   | 3 4 5 6 7 8 9 |  9.9
Transmutations | 3 4 5 6 7 8 9 |  9.2
Unarmed Combat | 4 5 6 7 9 10 12 13 14 | 14.9
Stealth        | 1 2 3 4 5 |  5.3
Fighting       | 2 3 4 5 |  5.9
Poison Magic   | 1 3 4 |  4.0
Ice Magic      | 2 |  2.7
Invocations    | 4 6 8 9 |  9.7
Evocations     | 1 2 3 |  3.0
Earth Magic    | 3 6 9 10 | 10.1
Ranged Weapons | |  0.6
Conjurations   | |  0.9

Action                     |  1- 3 |  4- 6 |  7- 9 | 10-12 | 13-15 || total
---------------------------+-------+-------+-------+-------+-------++-------
  Melee: Unarmed           |    59 |   123 |   417 |   575 |   708 ||  1882
         Kick              |     9 |    18 |    22 |    13 |       ||    62
         Tailslap          |    10 |     9 |    27 |    34 |    92 ||   172
         Headbutt          |     5 |    13 |    18 |     5 |       ||    41
         Punch             |     1 |     2 |    16 |    14 |    39 ||    72
   Fire: Sling             |       |       |    16 |       |       ||    16
  Throw: Dart              |    11 |    13 |    78 |   132 |    49 ||   283
   Cast: Beastly Appendage |    21 |    14 |    18 |     6 |     1 ||    60
         Wereblood         |     3 |     5 |    28 |    22 |    12 ||    70
         Spider Form       |       |     3 |    29 |    24 |     6 ||    62
         Ice Form          |       |       |       |    22 |    33 ||    55
         Frozen Ramparts   |       |       |       |       |    53 ||    53
         Hailstorm         |       |       |       |       |    25 ||    25
         Ozocubu's Armour  |       |       |       |       |    18 ||    18
 Invoke: Ancestor Life: Kn |       |       |     1 |       |       ||     1
         Ancestor Identity |       |       |     1 |       |       ||     1
         Recall Ancestor   |       |       |       |     5 |     4 ||     9
         Idealise          |       |       |       |     2 |     2 ||     4
         Transference      |       |       |       |       |     2 ||     2
Ability: End Transformatio |       |       |     1 |     3 |     6 ||    10
  Evoke: Wand              |       |       |     8 |    38 |    21 ||    67
    Use: Scroll            |       |     5 |     9 |    14 |    14 ||    42
         Potion            |       |       |     4 |     3 |    11 ||    18
   Stab: Sleeping          |       |       |     1 |       |     3 ||     4
         Distracted        |       |       |       |     2 |     6 ||     8
         Paralysed         |       |       |       |       |     9 ||     9
 Armour: Skin              |    21 |    36 |   124 |   120 |   294 ||   595
  Dodge: Dodged            |    21 |    61 |   366 |   529 |   502 ||  1479
